[ AOE2 MATCH · #460886331 ]
1v1 RMInca vs Teutons
Player's team · WIN
Rival team · LOSS
[ REPLAY ANALYSIS · EXTRACTED FROM THE RECORDED GAME ]
Feudal
—
Castle
—
Imperial
—
| APM avg | 67.8 |
| APM peak | 103 |
| eAPM avg | 19.1 |
| Villagers / military | 31 / 0 |
Focus
⚔️ 10.3% · 🌾 89.7%
Unknown (2550) ×3
Feudal
—
Castle
—
Imperial
—
| APM avg | 69.4 |
| APM peak | 86 |
| eAPM avg | 20.1 |
| Villagers / military | 19 / 0 |
Focus
⚔️ 37.7% · 🌾 62.3%
Match map
Initial resources + every placement click. Lines = walls · curves = elevation contours. ◆ gold · ⬟ stone · ● berries · ✦ relic · ◌ wall gap
Your base
CastFastle's base
Smoothed initial terrain · ◌ = detected wall gap · hover for details
Inputs per minute
— TenienteDAN - - CastFastle
Build order — TenienteDAN
43 actions detected in the replay
| 0:00 | Create | Villager (Male) |
| 0:01 | Create | Villager (Male) |
| 0:01 | Create | Villager (Male) |
| 0:02 | Build | House |
| 0:03 | Build | House |
| 0:48 | Create | Villager (Male) |
| 0:48 | Create | Villager (Male) |
| 1:33 | Create | Villager (Male) |
| 1:34 | Create | Villager (Male) |
| 1:58 | Build | Settlement |
| 2:02 | Create | Villager (Male) |
| 2:02 | Create | Villager (Male) |
| 2:42 | Create | Villager (Male) |
| 2:43 | Create | Villager (Male) |
| 3:07 | Create | Villager (Male) |
| 3:07 | Create | Villager (Male) |
| 3:13 | Build | House |
| 3:44 | Build | Farm |
| 3:50 | Create | Villager (Male) |
| 3:50 | Create | Villager (Male) |
| 4:12 | Create | Villager (Male) |
| 4:12 | Create | Villager (Male) |
| 4:12 | Create | Villager (Male) |
| 5:00 | Create | Villager (Male) |
| 5:05 | Build | Barracks |
| 5:23 | Create | Villager (Male) |
| 5:23 | Create | Villager (Male) |
| 5:24 | Create | Villager (Male) |
| 5:24 | Create | Villager (Male) |
| 6:17 | Create | Unit 2550 |
| 6:31 | Build | Settlement |
| 6:38 | Create | Villager (Male) |
| 6:38 | Create | Villager (Male) |
| 7:02 | Create | Unit 2550 |
| 7:11 | Create | Villager (Male) |
| 7:12 | Create | Villager (Male) |
| 7:12 | Create | Villager (Male) |
| 7:51 | Build | Farm |
| 7:52 | Build | Farm |
| 7:58 | Create | Villager (Male) |
| 7:58 | Create | Villager (Male) |
| 7:59 | Create | Villager (Male) |
| 8:06 | Create | Unit 2550 |
Build order — CastFastle
31 actions detected in the replay
| 0:00 | Create | Villager (Male) |
| 0:03 | Build | House |
| 0:15 | Build | House |
| 0:18 | Create | Villager (Male) |
| 0:21 | Create | Villager (Male) |
| 0:21 | Create | Villager (Male) |
| 1:29 | Create | Villager (Male) |
| 1:58 | Create | Villager (Male) |
| 2:26 | Create | Villager (Male) |
| 2:46 | Build | Lumber Camp |
| 2:55 | Create | Villager (Male) |
| 3:09 | Build | House |
| 3:14 | Create | Villager (Male) |
| 3:29 | Create | Villager (Male) |
| 3:54 | Create | Villager (Male) |
| 4:12 | Create | Villager (Male) |
| 5:02 | Create | Villager (Male) |
| 5:12 | Create | Villager (Male) |
| 5:18 | Create | Villager (Male) |
| 5:23 | Build | House |
| 6:07 | Create | Villager (Male) |
| 6:21 | Build | Mill |
| 6:25 | Research | Loom |
| 6:34 | Create | Villager (Male) |
| 6:56 | Create | Villager (Male) |
| 7:13 | Create | Villager (Male) |
| 7:36 | Build | House |
| 8:02 | Research | Feudal Age |
| 8:16 | Build | Barracks |
| 8:21 | Build | Barracks |
| 8:34 | Build | House |
Match timeline
| 5:05 | TenienteDAN · first_building Barracks |
| 8:16 | CastFastle · first_building Barracks |
| 8:50 | CastFastle · resign |
[ AI ANALYSIS · 1 CREDIT ]
What really happened in this match?
Wolo.gg analyzes every decision: build order, eco, micro, common mistakes by bracket. Personalized analysis on WhatsApp or Discord in 30 seconds.
Civ guide
Inca
Map guide
Enclosed
Perfil
Jugador #15794086